 Dungeon Crawl Stone Soup version 0.29.0-4-gdea44cf6ec (webtiles) character file.

Game seed: 12298294194952856186

101 qw the Chopper (level 4, -4/26 HPs)
             Began as a Tengu Warper on Aug 29, 2022.
             Slain by a gnoll
             ... wielding a +0 whip
              (7 damage)
             ... on level 3 of the Dungeon.
             The game lasted 00:00:17 (2617 turns).

qw the Chopper (Tengu Warper)                       Turns: 2617, Time: 00:00:17

Health: -4/26      AC:  8    Str: 13    XL:     4   Next: 75%
Magic:  8/8        EV:  6    Int: 13    God:
Gold:   117        SH:  0    Dex: 14    Spells: 7/7 levels left

rFire   . . .      SeeInvis .   Y - +0 hand axe
rCold   . . .      Faith    .   (no shield)
rNeg    . . .      Spirit   .   g - +0 chain mail
rPois   .          Reflect  .   (helmet restricted)
rElec   .          Harm     .   (no cloak)
rCorr   .          Rampage  .   (no gloves)
Will    .....                   (boots unavailable)
Stlth   ..........              (no amulet)
HPRegen 0.08/turn               (no ring)
MPRegen 0.11/turn               (no ring)

@: no status effects
A: beak, talons 3
a: no special abilities


You were on level 3 of the Dungeon.
You visited 1 branch of the dungeon, and saw 3 of its levels.

You collected 117 gold pieces.


Innate Abilities, Weirdness & Mutations

You have a beak for a mouth.
You have claws for feet.


   Skills:
 - Level 2.0 Fighting
 + Level 5.3 Axes
 - Level 1.0 Throwing
 - Level 1.1 Armour
 - Level 2.1 Dodging
 - Level 2.0 Spellcasting
 - Level 2.4 Translocations


You had 7 spell levels left.
You didn't know any spells.
Your spell library contained the following spells:

 Spells                   Type           Power      Damage    Failure   Level
 Blink                    Tloc           14%        N/A       99%         2
 Gell's Gravitas          Tloc           7%         N/A       100%        3
 Lesser Beckoning         Tloc           7%         N/A       100%        3
 Teleport Other           Tloc           7%         N/A       100%        3
 Manifold Assault         Tloc           7%         N/A       100%        5

Inventory:

Hand Weapons
 i - a +0 flail
 Y - a +0 hand axe (weapon)
Armour
 g - a +0 chain mail (worn)
Potions
 b - a potion of curing {unknown}
 c - a potion of haste {unknown}
 d - a potion of lignification {unknown}
 f - a potion of brilliance {unknown}
 h - a potion of magic {unknown}

Dungeon Overview and Level Annotations

Branches:
Dungeon (3/15)

Altars:

Shops:
D:2 (


Message History

The gnoll hits you with a +0 whip. The gnoll hits you but does no damage.
You hit the gnoll.
The gnoll is severely wounded.
You barely miss the gnoll.
The gnoll hits you but does no damage. x2; The gnoll hits you with a +0 club.
You hit the gnoll. You peck the gnoll.
The gnoll is almost dead.
You hit the gnoll. The gnoll barely misses you. The gnoll closely misses you.
The gnoll hits you with a +0 whip.
You hit the gnoll but do no damage. You claw the gnoll, but do no damage.
Your peck misses the gnoll.
The gnoll is almost dead.
You closely miss the gnoll.
The gnoll hits you from afar with a +0 spear.
The gnoll hits you but does no damage. The gnoll barely misses you.
You barely miss the gnoll. Your peck misses the gnoll.
The gnoll is almost dead.
You hit the gnoll. The gnoll barely misses you.
The gnoll hits you with a +0 club. The gnoll hits you with a +0 whip.
You barely miss the gnoll.
The gnoll is almost dead.
You hit the gnoll.
The gnoll hits you but does no damage. x2; The gnoll closely misses you.
You barely miss the gnoll. Your peck misses the gnoll.
The gnoll is almost dead.
You hit the gnoll. The gnoll hits you with a +0 whip.
The gnoll hits you but does no damage. The gnoll closely misses you.
You barely miss the gnoll. You claw the gnoll.
You kill the gnoll!
You hit the gnoll.
The gnoll hits you from afar with a +0 spear.
The gnoll barely misses you.
You barely miss the gnoll. You claw the gnoll. Your peck misses the gnoll.
The gnoll is almost dead.
The gnoll hits you from afar with a +0 spear.
The gnoll hits you with a +0 whip!
You die...

########## ## ####
#.......#. #. ..#
#.##.##.#. #<
#.###.##.##.#.
#.####.##...#......
#.........#.####.#.
#.#.##.##...####.#.
#.#.##.##........##
#.@).......#######
#g##g##......
#..g...........
....g.............
......#!##.........
###.g....##.####
######## #


You could see 2 gnolls.

Vanquished Creatures
  2 gnolls
  2 adders (D:2)
  3 worms (D:2)
  4 dart slugs
  5 endoplasms
  3 giant cockroaches
  5 goblins
  7 hobgoblins
  3 quokkas
  4 bats
  2 frilled lizards
  5 kobolds
  A rat (D:2)
46 creatures vanquished.

Notes
Turn   | Place    | Note
-------+----------+-------------------------------------------
     0 | D:1      | qw the Tengu Warper began the quest for the Orb.
     0 | D:1      | Reached XP level 1. HP: 12/12 MP: 4/4
     0 | D:1      | 0 ||| qw: Version: 0.1-a-89-g26bdef1
     0 | D:1      | 0 ||| qw: Game counter: 3611
     0 | D:1      | 0 ||| qw: Always use a shield: true
     0 | D:1      | 0 ||| qw: God list: Okawaru
     0 | D:1      | 0 ||| qw: Allow faded altars: false
     0 | D:1      | 0 ||| qw: Do Orc after D:15 true
     0 | D:1      | 0 ||| qw: Do second Lair branch before Depths: true
     0 | D:1      | 0 ||| qw: Lair rune preference: random
     0 | D:1      | 0 ||| qw: Plans: Normal
     0 | D:1      | 0 ||| PLANNING D:1-11
   370 | D:1      | Reached skill level 3 in Axes
   370 | D:1      | Reached XP level 2. HP: 17/17 MP: 6/6
   403 | D:1      | 403 ||| Stepping ~*~*~tactically~*~*~ (stealth).
   662 | D:1      | 662 ||| Stepping ~*~*~tactically~*~*~ (stealth).
   664 | D:1      | 664 ||| Stepping ~*~*~tactically~*~*~ (hiding).
   672 | D:1      | Reached XP level 3. HP: 20/21 MP: 7/7
   803 | D:1      | 803 ||| Stepping ~*~*~tactically~*~*~ (stealth).
   962 | D:1      | Found a faded altar of an unknown god.
  1151 | D:1      | 1151 ||| Stepping ~*~*~tactically~*~*~ (stealth).
  1163 | D:1      | Reached skill level 4 in Axes
  1347 | D:1      | 1347 ||| UPGRADING to +0 chain mail.
  1357 | D:1      | 1357 ||| DROPPING +0 leather armour.
  1358 | D:1      | 1358 ||| READING scroll labelled KYLOECZ BUOTE.
  1359 | D:1      | 1359 ||| READING scroll labelled XEUMECK WAPORCH.
  1360 | D:1      | 1360 ||| DROPPING scroll of blinking.
  1527 | D:2      | 1527 ||| FLEEEEING.
  1806 | D:2      | Found Utsorr's Antique Weapon Shoppe.
  1837 | D:2      | 1837 ||| SHOPLISTING encrusted hand axe (208 gold, have
                  | 32).
  1837 | D:2      | 1837 ||| SHOPLISTING war axe (91 gold, have 32).
  1869 | D:2      | Reached XP level 4. HP: 11/26 MP: 8/8
  2164 | D:2      | 2164 ||| Stepping ~*~*~tactically~*~*~ (stealth).
  2166 | D:2      | 2166 ||| Stepping ~*~*~tactically~*~*~ (hiding).
  2174 | D:2      | Reached skill level 5 in Axes
  2207 | D:2      | 2207 ||| Stepping ~*~*~tactically~*~*~ (stealth).
  2222 | D:2      | 2222 ||| FLEEEEING.
  2286 | D:2      | 2286 ||| DROPPING +0 mace.
  2388 | D:2      | 2388 ||| READING scroll labelled RADARIMYQA.
  2393 | D:2      | 2393 ||| READING scroll labelled VOEMNUX RISY.
  2451 | D:3      | 2451 ||| Stepping ~*~*~tactically~*~*~ (hiding).
  2456 | D:3      | 2456 ||| Stepping ~*~*~tactically~*~*~ (hiding).
  2606 | D:3      | 2606 ||| Stepping ~*~*~tactically~*~*~ (hiding).
  2616 | D:3      | HP: 4/26 [gnoll/+0 spear (4)]
  2617 | D:3      | Slain by a gnoll

Levels and vault maps discovered:
D:1:      dpeg_arrival_long_road, layout_basic, shapermc_ecumenical_altar_petra,
          grunt_decor_mini_mirrors
D:2:      minmay_kobold_bridge, layout_basic, serial_shops, nicolae_square_shop
D:3:      layout_loops_cross, trog_hazing_becter, minitemple,
          kennysheep_minor_cross

Skill      XL: |  1  2  3  4 |
---------------+-------------+-----
Axes           | 3 4 5 |  5.3
Fighting       | |  2.0
Throwing       | |  1.0
Armour         | |  1.1
Dodging        | |  2.1
Spellcasting   | |  2.0
Translocations | |  2.4

Action                   |  1- 3 |  4- 6 || total
-------------------------+-------+-------++-------
Melee: Hand axe          |    88 |    49 ||   137
       Kick              |    22 |    21 ||    43
       Peck              |    10 |     8 ||    18
Throw: Boomerang         |     7 |       ||     7
  Use: Scroll            |     2 |     2 ||     4
Armor: Leather armour    |     9 |       ||     9
       Chain mail        |    11 |    32 ||    43
Dodge: Dodged            |    35 |    14 ||    49

Table legend:
 A = Non-vault XP
 B = Vault XP
 C = Vault XP percentage of total XP
 D = Non-vault monster count
 E = Vault monster count
 F = Vault count percentage of total count
                 A         B        C        D         E       F
            +---------+---------+-------+---------+---------+-------
      Total |     141 |       4 |   2.8 |      43 |       3 |   6.5
            +---------+---------+-------+---------+---------+-------
        D:1 |      49 |       0 |   0.0 |      19 |       0 |   0.0
        D:2 |      72 |       4 |   5.3 |      21 |       3 |  12.5
        D:3 |      20 |       0 |   0.0 |       3 |       0 |   0.0
            +---------+---------+-------+---------+---------+-------
